 Dungeon Crawl Stone Soup version 0.29.1-13-g9f3cf754e1 (webtiles) character file.

Game seed: 17059490826319286336

23333 MinkTDR the Cleaver (level 12, 0/106 HPs)
             Began as a Minotaur Fighter on Jan 27, 2023.
             Was the Champion of Okawaru.
             Slain by a two-headed ogre
             ... wielding a +0 giant club of flaming
              (10 damage)
             ... in a volcano.
             The game lasted 00:51:58 (12392 turns).

MinkTDR the Cleaver (Minotaur Fighter)             Turns: 12392, Time: 00:52:25

Health: 0/106      AC: 25    Str: 25    XL:     12   Next: 70%
Magic:  9/16       EV: 12    Int:  2    God:    Okawaru [******]
Gold:   1080       SH:  5    Dex: 11    Spells: 11/11 levels left

rFire   . . .      SeeInvis +   f - +9 executioner's axe of Wugisyq {flame, +Blink}
rCold   + . .      Faith    .   (shield currently unavailable)
rNeg    . . .      Spirit   .   j - +6 chain mail of Mental Paralysis {rPois Regen+}
rPois   +          Reflect  +   (helmet restricted)
rElec   .          Harm     .   q - scarf {rC+ rF+}
rCorr   +          Rampage  +   b - +0 pair of gloves
Will    +....                   t - +2 pair of boots {rampage}
Stlth   ..........              F - amulet "Bumoxkeb" {Reflect rPois rF- Int-3 SH+5 SInv}
HPRegen 1.07/turn               n - ring of resist corrosion
MPRegen 0.15/turn               i - ring of willpower

@: heroic, finesse-ful
A: horns 2, retaliatory headbutt
a: Renounce Religion, Evoke Blink, Heroism, Finesse, Duel


You were in a volcano.
You worshipped Okawaru.
Okawaru was exalted by your worship.
You visited 3 branches of the dungeon, and saw 14 of its levels.
You also visited: Sewer, Bailey and Volcano.

You collected 1671 gold pieces.
You spent 591 gold pieces at shops.

Inventory:

Hand Weapons
 f - the +9 executioner's axe of Wugisyq (weapon) {flame, +Blink}
   (You found it in a bailey)

   It burns those it strikes, dealing additional fire damage.
   Big, fiery blades are also staple armaments of hydra-hunters.
   +Blink:    It lets you blink.
 g - the +8 longbow "Zephyr" {speed, Dex+3 SInv}
   (You found it in a bailey)

   Attacks with this weapon are significantly faster.
   Dex:       It affects your dexterity (+3).
   SInv:      It lets you see invisible.
 G - a +4 flail
 I - a +3 hand axe of freezing
Missiles
 r - 19 javelins (quivered)
 D - a throwing net
Armour
 b - a +0 pair of gloves (worn)
 c - a +0 buckler
 j - the +6 chain mail of Mental Paralysis (worn) {rPois Regen+}
   (You bought it in a shop on level 3 of the Dungeon)

   rPois:     It protects you from poison.
   Regen:     It increases your rate of health regeneration.
 q - a scarf of resistance (worn)
 t - a +2 pair of boots of rampaging (worn)
 E - a +0 pair of boots
 K - a +0 cloak
Jewellery
 i - a ring of willpower (right hand)
 n - a ring of resist corrosion (left hand)
 s - an amulet of reflection
 B - a ring of resist corrosion
 F - the amulet "Bumoxkeb" (around neck) {Reflect rPois rF- Int-3 SH+5 SInv}
   (You found it on level 8 of the Dungeon)

   [amulet of reflection]

   It reflects blocked missile attacks.
   Int:       It affects your intelligence (-3).
   rF:        It makes you vulnerable to fire.
   rPois:     It protects you from poison.
   SInv:      It lets you see invisible.
   SH:        It affects your SH (+5).
 L - a ring of see invisible
Wands
 a - a wand of flame (22)
 y - a wand of digging (3)
 z - a wand of roots (4)
Scrolls
 e - 2 scrolls of blinking
 k - 3 scrolls of poison
 l - 2 scrolls of teleportation
 m - 2 scrolls of amnesia
 p - 4 scrolls of butterflies
 u - 7 scrolls of enchant weapon
 w - a scroll of identify
 x - 2 scrolls of enchant armour
 J - a scroll of brand weapon
 O - a scroll of fear
Potions
 d - 3 potions of might
 h - 2 potions of berserk rage
 o - 3 potions of resistance
 v - 6 potions of curing
 A - a potion of ambrosia
 C - 5 potions of flight
 H - 2 potions of brilliance
Miscellaneous
 N - a piece from Xom's chessboard (15/15)


   Skills:
 + Level 10.0(15.0) Fighting
 + Level 14.3(19.9) Axes
 + Level 6.8(16.4) Maces & Flails
 + Level 3.9(8.9) Throwing
 + Level 11.3(16.3) Armour
 + Level 4.3(9.3) Dodging
 + Level 10.1(15.1) Shields
 * Level 7.7 Invocations


You had 11 spell levels left.
You didn't know any spells.
Your spell library contained the following spells:

 Spells                   Type           Power      Damage    Failure   Level
 Shock                    Conj/Air       0%         1d3       94%         1
 Ensorcelled Hibernation  Hex/Ice        0%         N/A       98%         2
 Sublimation of Blood     Necr           0%         N/A       98%         2
 Wereblood                Tmut           0%         N/A       98%         2
 Portal Projectile        Hex/Tloc       0%         N/A       100%        3
 Spider Form              Tmut/Pois      0%         N/A       100%        3
 Swiftness                Air            0%         N/A       100%        3
 Airstrike                Air            0%         2d(0-16)  100%        4
 Anguish                  Hex/Necr       0%         N/A       100%        4
 Leda's Liquefaction      Hex/Erth       0%         N/A       100%        4
 Lee's Rapid Deconstruct  Erth           0%         3d5*      100%        5
 Metabolic Englaciation   Hex/Ice        0%         N/A       100%        5
 Eringya's Noxious Bog    Tmut/Pois      0%         N/A       100%        6
 Statue Form              Tmut/Erth      0%         N/A       100%        6
 Enfeeble                 Hex            0%         N/A       100%        7
 Summon Forest            Summ/Tloc      Unusable   N/A       N/A         5
 Summon Mana Viper        Hex/Summ       Unusable   N/A       N/A         5
 Summon Hydra             Summ           Unusable   N/A       N/A         7

Dungeon Overview and Level Annotations

Branches:
Dungeon (11/15)            Temple (0/1) D:7            Lair (1/5) D:10
    Orc (2/2) D:9             Elf (0/3) Orc:2         Sewer (visited)
 Bailey (visited)         Volcano (1/1)

Altars:
Ashenzari
Dithmenos
Elyvilon
Fedhas
Gozag
Hepliaklqana
Kikubaaqudgha
Makhleb
Okawaru
Qazlal
Ru
Trog
Uskayaw
Vehumet
Xom
Yredelemnul
The Shining One

Shops:
D:3 [   D:5 (   Orc:2 [*?![:**

Portals:
Abyss: D:11

Annotations:
D:9 3 runed translucent doors, FaviusArthum's ghost, novice DECj; postfeelist's ghost, novice HOFi
D:11 2 transporters, Henri's ghost, journeyman OpVM; Snorg


Innate Abilities, Weirdness & Mutations

You have a pair of horns on your head.
You reflexively headbutt those who attack you in melee.


Message History

The hell knight is lightly wounded.
A two-headed ogre comes into view.
It is wielding a +1 great mace of flaming and a +0 giant club of flaming.
The hell knight hits you but does no damage.
You barely miss the hell knight.
The hell knight is lightly wounded.
You block the hell knight's attack.
The hell knight hits you but does no damage.
You closely miss the hell knight.
The hell knight is lightly wounded.
You slice the two-headed ogre!! You burn the two-headed ogre!
The two-headed ogre hits you with a +0 giant club of flaming.
The two-headed ogre burns you. The two-headed ogre closely misses you.
You block the hell knight's attack.
You hit the hell knight. Your headbutt misses the hell knight.
The hell knight is lightly wounded.
You slash the two-headed ogre! You burn the two-headed ogre.
You block the hell knight's attack.
You barely miss the two-headed ogre.
You headbutt the two-headed ogre, but do no damage.
The two-headed ogre is severely wounded.
You barely miss the hell knight.
The two-headed ogre hits you but does no damage.
The two-headed ogre hits you with a +0 giant club of flaming!!
The two-headed ogre burns you!
The hell knight hits you with a +2 halberd of flaming!!
The hell knight burns you.
Okay, then.
You can now deal lightning-fast blows.
You block the two-headed ogre's attack.
The two-headed ogre hits you but does no damage.
The hell knight hits you with a +2 halberd of flaming.
The hell knight burns you.
You gain the combat prowess of a mighty hero.
The hell knight mumbles some strange prayers to its god against you.
The bolt of fire hits you!!
* * * LOW HITPOINT WARNING * * *
The two-headed ogre hits you with a +0 giant club of flaming!!
* * * LOW HITPOINT WARNING * * *
The two-headed ogre burns you!
You die...

#)!) ###≈ #.).
#.## §#
+.!.$.'..# §§#
+.._..'..##≈§§§
#.....#...#≈≈≈≈
#######...#≈≈≈≈
+)[.[$OpO.#§§≈≈
#..≈).#@..#§§≈≈
#8≈≈≈8#...#≈≈≈#
+..≈..'..## §
+....[)..# ≈ ≈#
#8...8#.##§≈
≈≈###.....###≈≈≈
≈≈§≈§§....≈≈§≈≈#
≈≈§§≈8...8≈§≈≈##
≈≈§§§§....§≈###


You could see a hell knight and 2 two-headed ogres.

Vanquished Creatures
  2 ogre magi
  2 two-headed ogres
  The ghost of laros the Cleaver, a novice MiBe of Trog (D:10)
  A deep elf pyromancer (D:8)
  2 oklob plants (D:10)
  An ugly thing (D:10)
  12 orc sorcerers
  2 cyclopes
  Maurice (D:8)
  A cane toad (Lair:1)
  A gargoyle (D:9)
  Psyche (D:9)
  An unseen horror (D:10)
  A kobold demonologist (D:11)
  A polar bear (D:10)
  3 trolls
  Prince Ribbit (D:8)
  Sigmund (D:4)
  6 yaks (D:8)
  3 spriggans (D:10)
  2 steam dragons
  A basilisk (D:11)
  2 wargs
  2 acid dragons (D:10)
  A water moccasin (D:5)
  2 ice beasts
  A black bear (D:6)
  24 orc warriors
  4 sky beasts
  A wolf (D:10)
  7 ogres
  10 centaurs
  A phantom (D:6)
  3 kobold brigands
  2 bullfrogs (D:9)
  A scorpion (D:5)
  A necrophage (D:6)
  13 wights
  20 killer bees
  3 howler monkeys (D:9)
  2 lava snakes (D:7)
  2 jellies (D:4)
  4 orc priests
  3 gnoll boudas
  2 hounds
  28 orc wizards
  10 adders
  21 gnolls
  A shadow imp (D:6)
  A white imp (D:7)
  An ufetubus (D:7)
  7 worms
  59 orcs
  2 bats (D:2)
  18 endoplasms
  A giant cockroach (D:1)
  11 goblins
  7 hobgoblins
  4 jackals (D:3)
  28 kobolds
  6 quokkas
  11 ball pythons
  3 frilled lizards (D:1)
  10 rats
387 creatures vanquished.

Vanquished Creatures (others)
  2 orcs (Bailey)
  4 fungi (D:10)
  6 plants (D:10)
  10 toadstools (D:4)
  6 withered plants (D:9)
28 creatures vanquished.

Grand Total: 415 creatures vanquished

Notes
Turn   | Place    | Note
-------+----------+-------------------------------------------
     0 | D:1      | MinkTDR the Minotaur Fighter began the quest for the Orb.
     0 | D:1      | Reached XP level 1. HP: 19/19 MP: 0/0
    47 | D:1      | Found a faded altar of an unknown god.
   154 | D:1      | Reached XP level 2. HP: 27/27 MP: 1/1
   778 | D:1      | Reached XP level 3. HP: 33/33 MP: 2/2
  1506 | D:2      | Reached skill level 3 in Axes
  1905 | D:3      | Reached XP level 4. HP: 14/41 MP: 3/3
  2199 | D:3      | Found an iron altar of Okawaru.
  2232 | D:3      | Became a worshipper of Warmaster Okawaru
  2455 | D:3      | Found a glowing drain.
  2468 | D:3      | Reached skill level 4 in Axes
  2476 | Sewer    | Entered a sewer
  2573 | Sewer    | Reached XP level 5. HP: 40/47 MP: 4/4
  2773 | Sewer    | Reached skill level 5 in Armour
  2847 | Sewer    | Reached skill level 1 in Dodging
  3365 | D:3      | Found Biriacs's Antique Armour Boutique.
  3379 | D:3      | Bought a bloodstained chain mail for 152 gold pieces
  3379 | D:3      | Identified the +6 chain mail of Mental Paralysis {rPois
                  | Regen+} (You bought it in a shop on level 3 of the Dungeon)
  3742 | D:4      | Reached skill level 1 in Throwing
  3742 | D:4      | Reached XP level 6. HP: 46/55 MP: 5/5
  3746 | D:4      | Reached skill level 5 in Axes
  3823 | D:4      | Noticed Sigmund
  3849 | D:4      | Killed Sigmund
  3849 | D:4      | Reached * piety under Okawaru
  3850 | D:4      | Reached skill level 5 in Fighting
  3937 | D:5      | Entered Level 5 of the Dungeon
  3943 | D:5      | Reached XP level 7. HP: 61/61 MP: 6/6
  3951 | D:5      | Reached skill level 6 in Axes
  3990 | D:5      | Found a basalt altar of Yredelemnul.
  4007 | D:5      | Found Omucvenoamn's Antique Weapon Shop.
  4086 | D:5      | Reached skill level 1 in Maces & Flails
  4197 | D:5      | Noticed a moth of wrath
  4205 | D:5      | Reached ** piety under Okawaru
  4206 | D:5      | Reached skill level 7 in Axes
  4238 | D:5      | Reached XP level 8. HP: 70/70 MP: 7/7
  4268 | D:5      | Found a glowing golden altar of the Shining One.
  4367 | D:5      | Found a bloodstained altar of Trog.
  4626 | D:6      | Reached skill level 5 in Shields
  4666 | D:6      | Reached *** piety under Okawaru
  4679 | D:6      | Reached skill level 5 in Maces & Flails
  4741 | D:6      | Found a sacrificial altar of Ru.
  5321 | D:7      | Reached XP level 9. HP: 38/71 MP: 8/8
  5358 | D:7      | Reached **** piety under Okawaru
  5493 | D:7      | Found Marih's Armour Emporium.
  5661 | D:7      | Found a broken altar of Ashenzari.
  5941 | D:7      | Found a staircase to the Ecumenical Temple.
  6050 | D:7      | Found a burning altar of Makhleb.
  6183 | D:8      | Found a stormy altar of Qazlal.
  6292 | D:8      | Reached skill level 1 in Invocations
  6294 | D:8      | Reached skill level 8 in Axes
  6355 | D:8      | Noticed a deep elf pyromancer
  6368 | D:8      | Killed a deep elf pyromancer
  6369 | D:8      | Reached XP level 10. HP: 42/86 MP: 10/10
  6442 | D:8      | Found a flagged portal.
  6456 | Bailey   | Entered a bailey
  6610 | Bailey   | Reached ***** piety under Okawaru
  6781 | Bailey   | Found the +8 longbow "Zephyr" {speed, Dex+3 SInv}
  6812 | Bailey   | Reached skill level 9 in Axes
  7098 | Bailey   | Identified the +9 executioner's axe of Wugisyq {flame,
                  | +Blink}
  7345 | D:8      | Noticed Maurice
  7374 | D:8      | Noticed Prince Ribbit
  7385 | D:8      | Killed Maurice
  7385 | D:8      | Received a gift from Okawaru
  7386 | D:8      | Killed Prince Ribbit
  7581 | D:8      | Identified the amulet "Bumoxkeb" {Reflect rPois rF- Int-3
                  | SH+5 SInv}
  7692 | D:9      | Found a runed translucent gate.
  7692 | D:9      | Found a runed translucent gate.
  7692 | D:9      | Found a runed translucent gate.
  7692 | D:9      | Noticed FaviusArthum's ghost (novice DECj)
  7692 | D:9      | Noticed Psyche
  7692 | D:9      | Noticed postfeelist's ghost (novice HOFi)
  7696 | D:9      | Reached skill level 10 in Axes
  7696 | D:9      | Killed Psyche
  7787 | D:9      | Found a faded altar of an unknown god.
  7787 | D:9      | Found a hide-covered altar of Uskayaw.
  7796 | D:9      | Found a faded altar of an unknown god.
  7798 | D:9      | Found a shimmering altar of Xom.
  7800 | D:9      | Found a white marble altar of Elyvilon.
  7867 | D:9      | Reached XP level 11. HP: 72/94 MP: 13/13
  8061 | D:9      | Found a staircase to the Orcish Mines.
  8153 | D:9      | Reached ****** piety under Okawaru
  8153 | D:9      | Received a gift from Okawaru
  8313 | D:9      | Found a faded altar of an unknown god.
  8315 | D:9      | Found a hazy altar of Hepliaklqana.
  8842 | D:10     | Entered Level 10 of the Dungeon
  8966 | D:10     | Found an opulent altar of Gozag.
  9135 | D:10     | Reached skill level 5 in Invocations
  9236 | D:10     | Reached skill level 10 in Armour
  9291 | D:10     | Found a runed translucent door.
  9291 | D:10     | Found a large runed translucent door.
  9291 | D:10     | Found a large runed translucent door.
  9319 | D:10     | Noticed an oklob plant
  9331 | D:10     | Found a staircase to the Lair.
  9334 | D:10     | Noticed an oklob plant
  9354 | D:10     | Killed an oklob plant
  9354 | D:10     | Received a gift from Okawaru
  9355 | D:10     | Reached skill level 11 in Axes
  9388 | D:10     | Killed an oklob plant
  9563 | D:10     | Noticed laros's ghost (novice MiBe)
  9565 | D:10     | Identified the +9 trident of the Rat {flame, Int+2}
  9871 | D:10     | Killed laros's ghost
  9974 | D:10     | Found a shadowy altar of Dithmenos.
  9978 | D:10     | Noticed a brown ugly thing
  9987 | D:10     | Killed a brown ugly thing
  9991 | D:10     | Found a blossoming altar of Fedhas.
 10075 | D:11     | Noticed a soul eater
 10298 | D:11     | Noticed a sun demon
 10298 | D:11     | Noticed a skeletal warrior
 10305 | D:11     | Noticed a red ugly thing
 10310 | D:11     | Noticed a hell hog
 10314 | D:11     | Found a transporter.
 10314 | D:11     | Noticed Henri's ghost (journeyman OpVM)
 10317 | D:11     | Found a transporter.
 10317 | D:11     | Found a one-way gate to the infinite horrors of the Abyss.
 10332 | D:11     | Noticed Snorg
 10332 | D:11     | Noticed a two-headed ogre
 10340 | D:11     | Killed a two-headed ogre
 10341 | D:11     | Reached skill level 12 in Axes
 10426 | Orc:1    | Entered Level 1 of the Orcish Mines
 10554 | Orc:1    | Identified the +1 pair of gloves of Immorality {*Corrode
                  | rN+ Will+++ Dex-2} (Okawaru gifted it to you on level 1 of
                  | the Orcish Mines)
 10554 | Orc:1    | Received a gift from Okawaru
 10742 | Orc:1    | Noticed an orc sorcerer
 10751 | Orc:1    | Killed an orc sorcerer
 11028 | Orc:2    | Entered Level 2 of the Orcish Mines
 11043 | Orc:2    | Found Soskuva's Assorted Antiques.
 11052 | Orc:2    | Reached XP level 12. HP: 104/104 MP: 15/15
 11158 | Orc:2    | Found a staircase to the Elven Halls.
 11227 | Orc:2    | Paralysed by an orc sorcerer for 4 turns
 11334 | Orc:2    | Found Zacheq's Antique Armour Shoppe.
 11370 | Orc:2    | Found Poejown's General Store.
 11372 | Orc:2    | Reached skill level 13 in Axes
 11420 | Orc:2    | Bought a scroll of fear for 56 gold pieces
 11642 | Orc:2    | Paralysed by an orc sorcerer for 2 turns
 11700 | Orc:2    | Found Bair's Antique Armour Shop.
 11720 | Orc:2    | Found a radiant altar of Vehumet.
 11721 | Orc:2    | Noticed an ogre mage
 11730 | Orc:2    | Reached skill level 10 in Shields
 11734 | Orc:2    | Killed an ogre mage
 11739 | Orc:2    | Found Byeses's Distillery.
 11767 | Orc:2    | Found an ancient bone altar of Kikubaaqudgha.
 11774 | Orc:2    | Bought a potion of flight for 48 gold pieces
 11805 | Orc:2    | Found Fohe's Book Boutique.
 11831 | Orc:2    | Found Pik Xudo's Magic Scroll Shop.
 11839 | Orc:2    | Bought a scroll of identify for 22 gold pieces
 11839 | Orc:2    | Bought a scroll of identify for 22 gold pieces
 11839 | Orc:2    | Bought 3 scrolls of identify for 66 gold pieces
 11877 | Orc:2    | Reached skill level 14 in Axes
 11946 | Orc:2    | Bought a pair of runed boots for 225 gold pieces
 12041 | Orc:2    | Found Sytos's General Store.
 12257 | Lair:1   | Entered Level 1 of the Lair of Beasts
 12280 | Lair:1   | Got the Exposition on the Oath
 12333 | Lair:1   | Found a dark tunnel.
 12340 | Volcano  | Entered a volcano
 12356 | Volcano  | Noticed an ogre mage
 12371 | Volcano  | Killed an ogre mage
 12375 | Volcano  | Found a bloodstained altar of Trog.
 12380 | Volcano  | Noticed a two-headed ogre
 12382 | Volcano  | Killed a two-headed ogre
 12382 | Volcano  | Identified the +2 chain mail of the Valley {rElec} (Okawaru
                  | gifted it to you in a volcano)
 12382 | Volcano  | Received a gift from Okawaru
 12382 | Volcano  | Noticed a two-headed ogre
 12383 | Volcano  | Reached skill level 10 in Fighting
 12386 | Volcano  | Noticed a two-headed ogre
 12392 | Volcano  | Slain by a two-headed ogre

Illustrated notes

Levels and vault maps discovered:
D:1:      dpeg_arrival_simpleton_b, layout_loops_corners,
          nicolae_ecumenical_snake_handling
D:2:      layout_loops_ring, bh_walls_and_bars
D:3:      wad_pebble_path, layout_basic, okawaru_ov_weapons_minmay,
          portal_sewer_entry_d, serial_shops, nicolae_lakefront_shop,
          st_stairs_6
D:4:      cheibrodos_fertilizer, layout_loops_cross,
          mainiacjoe_overflow_24_doors, uniq_sigmund
D:5:      layout_rooms, lemuel_tele_altar, nicolae_tso_carved_into_rock,
          tgw_trog, serial_shops, shop
D:6:      layout_cave_pools, mainiacjoe_overflow_alcove_1, minivault_24,
          kennysheep_pointless_box
D:7:      layout_cave_pools, ashenzari_conservatory_becter,
          lightli_temple_of_fire, minmay_temple_entry_water_ring, serial_shops,
          kennysheep_mini_moat
D:8:      layout_rooms, nicolae_qazlal_scattered_showers, enter_bailey_3,
          guppyfry_early_elven_hall, uniq_prince_ribbit1, uniq_maurice
D:9:      layout_basic, chequers_temple_overflow_minitemple,
          beargit_hepliaklqana_dungeon_heroes, orc_0_dummy,
          gammafunk_ghost_cemetery, kennysheep_windowed_goal, uniq_psyche
D:10:     layout_basic, grunt_gozag_statues, jmf_multi_god_temple2,
          dpeg_oklobed_lair, ebering_ghost_funeral_grove
D:11:     layout_loops_ring, serial_shops, nicolae_shop_crystal,
          gammafunk_ghost_abyssal_escape, uniq_snorg
Lair:1:   layout_layer_cave, gammafunk_ghost_necromancy,
          nicolae_volcano_entry_s_turn, grunt_megastairs_2
Orc:1:    layout_caves, hellmonk_bongcloud_opening
Orc:2:    kennysheep_orc_mage_school, layout_caves, serial_shops, shop, shop,
          nicolae_shop_behind_doors, nicolae_shop_hallway_plus
Volcano:  kennysheep_volcano_temple

Skill      XL: |  1  2  3  4  5  6  7  8  9 10 11 12 |
---------------+-------------------------------------+-----
Armour         | 4 5 6 7 8 9 10 11 | 11.3
Fighting       | 4 5 6 7 9 10 | 10.0
Axes           | 3 4 5 7 8 10 12 14 | 14.3
Dodging        | 1 2 3 4 |  4.3
Shields        | 4 5 8 9 10 | 10.1
Throwing       | 1 2 3 |  3.9
Maces & Flails | 2 6 |  6.8
Invocations    | 2 4 6 7 |  7.7

Action                   |  1- 3 |  4- 6 |  7- 9 | 10-12 || total
-------------------------+-------+-------+-------+-------++-------
Melee: War axe           |    95 |   125 |     5 |       ||   225
       Headbutt          |     7 |    12 |    76 |    77 ||   172
       Flail             |       |       |   160 |       ||   160
       Hand axe          |       |       |   176 |   158 ||   334
       Executioner's axe |       |       |       |   290 ||   290
Throw: Javelin           |       |    19 |     8 |    46 ||    73
Invok: Heroism           |       |       |     1 |     4 ||     5
       Finesse           |       |       |       |     1 ||     1
  Use: Potion            |     1 |     8 |       |     1 ||    10
       Scroll            |     1 |     1 |     5 |    11 ||    18
 Stab: Held in net/web   |       |       |     1 |       ||     1
Armor: Scale mail        |    47 |    32 |       |       ||    79
       Chain mail        |       |    24 |   197 |   289 ||   510
Dodge: Dodged            |    42 |    50 |   147 |   226 ||   465
Block: Buckler           |    25 |    25 |   200 |   115 ||   365
       Reflection        |       |       |     5 |     6 ||    11
       Other             |       |       |       |    70 ||    70
